 Dungeon Crawl Stone Soup version 0.19.4-8-ga85b6b9 (webtiles) character file.

54 Gargoyl the Skirmisher (level 3, 0/32 (33) HPs)
             Began as a Ghoul Abyssal Knight on Feb 14, 2017.
             Was a Follower of Lugonu.
             Slain by a worm (2 damage)
             ... on level 2 of the Dungeon.
             The game lasted 00:03:43 (924 turns).

Gargoyl the Skirmisher (Ghoul Abyssal Knight)        Turns: 924, Time: 00:03:44

HP:   0/32 (33)     AC:  6    Str: 15    XL:     3   Next: 91%
MP:   3/3           EV: 11    Int:  7    God:    Lugonu [*.....]
Gold: 84            SH:  0    Dex:  9    Spells: 0 memorised, 2 levels left

rFire  . . .     SeeInvis .     a - +1 hand axe
rCold  + . .     Gourm    .     b - +0 leather armour
rNeg   + + +     Faith    .     (no shield)
rPois  ∞         Spirit   .     (no helmet)
rElec  .         Reflect  .     (no cloak)
rCorr  +         Harm     .     (no gloves)
MR     .....                    e - +2 pair of boots
Stlth  ++........               (no amulet)
                                j - ring of stealth
                                d - ring of resist corrosion

@: rotting
A: rotting body, claws 1, carnivore 3, cold resistance 1, negative energy
resistance 3, slow regeneration 1, torment resistance, unbreathing
a: Depart the Abyss, Renounce Religion


You were on level 2 of the Dungeon.
You worshipped Lugonu.
Lugonu was aware of your devotion.
You were not hungry.

You visited 1 branch of the dungeon, and saw 2 of its levels.
You visited the Abyss 1 time.

You collected 84 gold pieces.

Inventory:

Hand Weapons
 a - a +1 hand axe (weapon)
Armour
 b - a +0 leather armour (worn)
 e - a +2 pair of boots (worn)
Jewellery
 d - a ring of resist corrosion (left claw)
 j - a ring of stealth (right claw)
Potions
 g - a potion of flight {unknown}
 i - a potion of mutation {unknown}
 k - a potion of brilliance {unknown}
 l - 2 potions of lignification
Comestibles
 c - a meat ration
 f - a slice of pizza
 h - 3 chunks of flesh


   Skills:
 + Level 4.1 Fighting
 + Level 2.2 Axes
 * Level 2.2 Armour
 + Level 0.8 Dodging
 * Level 2.6 Invocations


You had 2 spell levels left.
You didn't know any spells.

Dungeon Overview and Level Annotations

Branches:
Dungeon (2/15)

Altars:


Innate Abilities, Weirdness & Mutations

Your body is rotting away.
You thrive on raw meat.
You are immune to poison.
You have sharp fingernails.
You are carnivorous and can eat meat at any time.
Your flesh is cold resistant. (rC+)
You are immune to negative energy. (rN+++)
You regenerate slowly when monsters are visible.
You are immune to unholy pain and torment.
You can survive without breathing.


Message History

The leopard gecko completely misses you.
The worm bites you.
* * * LOW HITPOINT WARNING * * *
Unknown command.
You hit the worm.
The worm is lightly wounded.
You barely miss the leopard gecko. The leopard gecko barely misses you.
The leopard gecko bites you but does no damage.
Unknown command.
You closely miss the leopard gecko.
The leopard gecko is heavily wounded.
You hit the worm. The leopard gecko bites you.
* * * LOW HITPOINT WARNING * * *
The worm bites you.
* * * LOW HITPOINT WARNING * * *
Unknown command.
Eat one of 3 chunks of flesh? (ye/n/q)
You start eating one of the 3 chunks of flesh.
The leopard gecko closely misses you. The worm bites you.
You die...

####....##.#######..........
#....##.#######..........
#....##..................
#....################.###
#.........(.?... #..#
####............ ##.#
+..†......... ..
#....w....... ..#
#...l@....... #+#
#............ #............
#.......$.... #..).........
#............ #############


You could see a worm and a leopard gecko.

Vanquished Creatures
  2 adders (D:2)
  2 dart slugs
  A leopard gecko (D:2)
  3 giant cockroaches (D:1)
  A hobgoblin (D:1)
  2 jackals (D:1)
  8 kobolds
  A ball python (D:1)
  5 bats (D:1)
  A frilled lizard (D:1)
  2 goblins
  4 rats (D:1)
32 creatures vanquished.

Notes
Turn   | Place    | Note
-------+----------+-------------------------------------------
     0 | Abyss:1  | Gargoyl the Ghoul Abyssal Knight began the quest for the Orb.
     0 | Abyss:1  | Reached XP level 1. HP: 19/19 MP: 1/1
    76 | Abyss:1  | Noticed a spatial vortex
   129 | Abyss:1  | Noticed a thrashing horror
   130 | D:1      | Escaped the Abyss
   217 | D:1      | Reached XP level 2. HP: 24/24 MP: 2/2
   248 | D:1      | Reached * piety under Lugonu
   506 | D:1      | Reached skill level 4 in Fighting
   592 | D:1      | Reached XP level 3. HP: 33/33 MP: 3/3
   924 | D:2      | Slain by a worm

Skill      XL: |  1  2 |
---------------+-------+-----
Armour         | 2 |  2.2
Axes           | 2 |  2.2
Fighting       | 4 |  4.1
Dodging        | |  0.8
Invocations    | |  2.6

Action                   || total
-------------------------++-------
Melee: Hand axe          ||    91
Invok: Depart the Abyss  ||     1
  Use: Scroll            ||     6
  Eat: Chunk             ||    13
Armor: Leather armour    ||    61
Dodge: Dodged            ||    95
